AoeStats
← stDifious

Black Forest

508343938Analyzed
4v4 RM · 10d ago on Sep 22, 2026· 44m 11s· 8 players
Game mode
Random Map
Map size
Large (8 player)
Population
200
Speed
Normal
Resources
Standard
Victory
Conquest
Starting age
Dark Age
Ending age
Imperial Age
RankedLock teamsTeams togetherTeam positionsShared explorationLock speedFull tech treeHidden civsTurbo modeCheats
Victory
Defeat
🇺🇸 Byzantines · United States
1190
+12
🇺🇸 Persians · United States
1179
+13
🇲🇽 Mongols · Mexico
1151
+14
🇨🇴 Chinese · Colombia
1132
+15
🇳🇿 Koreans · New Zealand
1146
-15
🇲🇽 Lithuanians · Mexico
1116
-14
🇨🇴 Poles · Colombia
1102
-13
🇦🇷 Ethiopians · Argentina
1074
-12
ic.adelira
6:57 Loom
10:41 Feudal Age
12:23 Double-Bit Axe
15:01 Castle Age
14:12 Fletching
14:50 Stone Mining
18:25 Horse Collar
24:27 Heavy Plow
24:57 Bodkin Arrow
26:40 Gold Mining
27:16 Bow Saw
28:39 Gold Shaft Mining
28:40 Stone Shaft Mining
33:15 Imperial Age
32:30 Wheelbarrow
32:48 Ballistics
33:02 Padded Archer Armor
35:19 Chemistry
34:33 Bracer
35:19 Conscription
35:24 Hand Cart
36:09 Leather Archer Armor
36:02 Thumb Ring
36:35 Onager
38:08 Parthian Tactics
44:09 Scale Barding Armor
44:14 Forging
43:35 Siege Onager
44:54 Drill
Jumilka5029
1:01 Loom
16:03 Feudal Age
21:32 Castle Age
20:23 Double-Bit Axe
21:04 Horse Collar
23:06 Wheelbarrow
30:14 Hand Cart
29:45 Town Watch
31:58 Heavy Plow
32:24 Bow Saw
36:08 Imperial Age
34:35 Ballistics
34:11 Murder Holes
34:27 Fortified Wall
34:28 Masonry
35:04 Forging
34:55 Scale Mail Armor
34:45 Fletching
34:56 Padded Archer Armor
34:54 Pikeman
35:35 Squires
35:22 Arson
36:11 Great Wall
36:52 Bodkin Arrow
37:14 Chain Mail Armor
37:35 Iron Casting
36:32 Elite Fire Lancer
39:36 Chemistry
39:09 Conscription
39:14 Bracer
39:45 Plate Mail Armor
38:56 Capped Ram
40:21 Architecture
39:59 Siege Ram
41:21 Guard Tower
41:17 Arrowslits
41:52 Elite Chu Ko Nu
43:45 Thumb Ring
SLAMFOX
0:48 Loom
14:12 Feudal Age
18:35 Castle Age
16:51 Double-Bit Axe
16:50 Horse Collar
19:32 Heavy Plow
24:08 Wheelbarrow
23:48 Gold Mining
24:18 Bow Saw
26:12 Scale Barding Armor
26:18 Forging
27:28 Hand Cart
27:35 Bloodlines
27:56 Husbandry
29:39 Chain Barding Armor
29:55 Iron Casting
33:15 Imperial Age
30:40 Stone Mining
31:26 Gold Shaft Mining
31:59 Ballistics
34:39 Chemistry
33:04 Cavalier
35:43 Plate Barding Armor
36:09 Blast Furnace
34:33 Savar
37:11 Crop Rotation
37:45 Two-Man Saw
37:41 Conscription
38:16 Caravan
39:16 Onager
SLAMCOW
0:30 Loom
11:27 Feudal Age
15:13 Double-Bit Axe
17:23 Horse Collar
24:14 Castle Age
25:07 Fletching
26:07 Bodkin Arrow
27:45 Wheelbarrow
27:45 Bow Saw
27:28 Gold Mining
30:43 Forging
34:42 Imperial Age
35:56 Bracer
38:48 Hand Cart
38:52 Padded Archer Armor
42:12 Leather Archer Armor
41:51 Crossbowman
42:37 Thumb Ring
43:57 Gold Shaft Mining
CC182
5:29 Loom
6:40 Loom
11:40 Feudal Age
13:54 Double-Bit Axe
21:02 Castle Age
19:07 Fletching
22:26 Bodkin Arrow
29:41 Bow Saw
32:34 Horse Collar
35:56 Town Watch
36:33 Forging
36:28 Scale Barding Armor
37:07 Wheelbarrow
37:28 Heavy Plow
37:54 Stone Mining
37:54 Gold Mining
40:45 Imperial Age
39:24 Light Cavalry
40:12 Murder Holes
40:38 Ballistics
Gustatro
0:28 Loom
14:19 Feudal Age
23:37 Castle Age
24:41 Fletching
32:37 Bodkin Arrow
33:20 Wheelbarrow
35:42 Forging
35:38 Scale Barding Armor
36:35 Horse Collar
40:03 Imperial Age
38:48 Elite Skirmisher
41:15 Padded Archer Armor
42:33 Man-at-Arms
Denoxs
0:47 Loom
13:20 Feudal Age
17:12 Castle Age
15:57 Double-Bit Axe
21:43 Bow Saw
21:16 Horse Collar
27:28 Wheelbarrow
26:46 Fletching
28:33 Elite Skirmisher
32:00 Hand Cart
31:52 Heavy Plow
32:19 Bodkin Arrow
33:03 Caravan
35:07 Town Watch
39:03 Imperial Age
36:33 Gold Mining
36:33 Stone Mining
37:06 Ballistics
38:26 Thumb Ring
38:56 Town Patrol
39:38 Gold Shaft Mining
39:39 Stone Shaft Mining
39:09 Elite Fire Lancer
40:52 Chemistry
39:53 Bracer
40:56 Squires
41:11 Murder Holes
43:58 Scale Mail Armor
44:08 Forging
stDifious
11:29 Feudal Age
15:11 Castle Age
13:03 Double-Bit Axe
13:19 Horse Collar
16:37 Bow Saw
17:31 Heavy Plow
20:49 Fletching
20:59 Padded Archer Armor
22:40 Crossbowman
23:47 Ballistics
24:20 Gold Mining
24:29 Bodkin Arrow
27:03 Wheelbarrow
26:14 Loom
31:29 Imperial Age
29:57 Leather Archer Armor
30:41 Gold Shaft Mining
30:16 Thumb Ring
32:31 Conscription
32:21 Royal Heirs
32:34 Forging
32:24 Scale Mail Armor
32:28 Bracer
32:58 Ring Archer Armor
31:56 Elite Skirmisher
34:14 Two-Man Saw
34:35 Forging
34:25 Scale Mail Armor
35:28 Chemistry
34:14 Arbalester
38:13 Town Watch
38:43 Hand Cart
39:20 Iron Casting
39:00 Chain Mail Armor
44:25 Blast Furnace
43:55 Plate Mail Armor
42:51 Halberdier
43:32 Squires
43:18 Arson
42:57 Elite Shotel Warrior
43:40 Royal Heirs
Connection lost

Rejoining the realm…

Still unreachable

The connection could not be restored.

Session expired

The server has moved on; the page needs a fresh start.